 Dungeon Crawl Stone Soup version 0.16.1-11-g651b585 (webtiles) character file.

67 karlm the Skirmisher (level 4, 0/29 HPs)
             Began as a Gargoyle Fighter on Apr 3, 2015.
             Slain by a gnoll
             ... wielding a +0 flail
              (4 damage)
             ... on level 2 of the Dungeon.
             The game lasted 00:03:01 (1126 turns).

karlm the Skirmisher (Gargoyle Fighter)             Turns: 1126, Time: 00:03:01

Health: 0/29       AC: 10    Str: 19    XL:     4   Next: 16%
Magic:  4/4        EV:  7    Int:  9    God:
Gold:   38         SH:  9    Dex: 10    Spells: 0 memorised, 3 levels left

rFire  . . .     SeeInvis .     a - +0 flail
rCold  . . .     Clarity  .     b - +0 scale mail
rNeg   + . .     SustAb   .     c - +0 shield
rPois  ∞         Gourm    .     (no helmet)
rElec  +         Spirit   .     (no cloak)
rCorr  .         Warding  .     (no gloves)
rMut   .         Stasis   .     (no boots)
MR     .....                    (no amulet)
Stlth  ..........               (no ring)
                                (no ring)

@: not resistant to hostile enchantments, extremely unstealthy
A: negative energy resistance 1, electricity resistance, unbreathing,
petrification resistance, rot immunity, AC +3
a: no special abilities


You were on level 2 of the Dungeon.
You were not hungry.

You visited 1 branch of the dungeon, and saw 2 of its levels.

You collected 38 gold pieces.

Inventory:

Hand weapons
 a - a +0 flail (weapon)
Missiles
 f - 21 stones (quivered)
Armour
 b - a +0 scale mail (worn)
 c - a +0 shield (worn)
Scrolls
 g - a scroll of identify {unknown}
 i - 2 scrolls of random uselessness {unknown}
 j - a scroll of remove curse {unknown}
 m - a scroll of amnesia {unknown}
 o - a scroll of teleportation {unknown}
Potions
 e - a potion of might
 k - 2 potions of resistance {unknown}
 n - a potion of heal wounds {unknown}
Comestibles
 d - a bread ration
 h - a beef jerky
 l - 2 chunks of flesh


   Skills:
 * Level 4.0 Fighting
 * Level 3.0 Maces & Flails
 + Level 3.7 Armour
 + Level 3.7 Shields


You had 3 spell levels left.
You didn't know any spells.

Dungeon Overview and Level Annotations

Branches:
Dungeon (2/15)

Altars:
Yredelemnul


Innate Abilities, Weirdness & Mutations

You are resistant to torment.
You are immune to poison.
Your stone body is very resilient (AC +3).
You resist negative energy.
You are resistant to electric shocks.
You can survive without breathing.
You are immune to petrification.
You are immune to rotting.


Message History

You butcher the kobold corpse.
l - 3 chunks of flesh (gained 1)
You see here a short sword.
There is a stone staircase leading down here.
Eating one of 3 chunks of flesh.
This raw flesh tastes terrible.
You continue eating. x2
You climb downwards.
You block the gnoll's attack. The gnoll hits you but does no damage.
There is a stone staircase leading up here.
You closely miss the gnoll. You block the gnoll's attack.
The gnoll barely misses you. The gnoll hits you with a flail.
You hit the gnoll but do no damage. The gnoll hits you.
The gnoll hits you with a flail.
* * * LOW HITPOINT WARNING * * *
The gnoll hits you but does no damage.
Your shield prevents you from hitting the gnoll.
The gnoll hits you.
* * * LOW HITPOINT WARNING * * *
The gnoll hits you with a flail.
You die...

### ..# #.# ... #.#
#.# #.# #.####.#
#[# #......# #.#
#...#### #)# #.#.#
.## #.# #.#.# #....
#.# #g#.# #..##.#.#
#@#.#
#..##.#.#####g#.#
#..##...........#
#..####.######..#
#..# #...# #..#
#..####.## #..#
#.......# #..#
#..###### #..#
###.......######..#


You could see 2 gnolls.

Vanquished Creatures
  2 gnolls
  A worm (D:1)
  2 giant geckos (D:1)
  3 bats (D:1)
  2 giant cockroaches (D:1)
  12 goblins
  3 hobgoblins
  4 jackals (D:1)
  A giant newt (D:1)
  4 kobolds (D:1)
  3 rats
37 creatures vanquished.

Notes
Turn   | Place    | Note
--------------------------------------------------------------
     0 | D:1      | karlm, the Gargoyle Fighter, began the quest for the Orb.
     0 | D:1      | Reached XP level 1. HP: 14/14 MP: 1/1
   120 | D:1      | Reached XP level 2. HP: 19/19 MP: 2/2
   402 | D:1      | Reached XP level 3. HP: 21/24 MP: 3/3
   889 | D:2      | Reached skill level 4 in Fighting
   961 | D:2      | Found a basalt altar of Yredelemnul.
  1000 | D:2      | Reached XP level 4. HP: 6/29 MP: 4/4
  1126 | D:2      | Slain by a gnoll

Action                   |  1- 3 |  4- 6 || total
-------------------------+-------+-------++-------
Melee: Flail             |   102 |     4 ||   106
  Eat: Chunk             |       |     1 ||     1
